Map: Blackpink LE

Players

Namshar - Winner!

  • Race: Zerg Zerg
  • Spawn Location: 7:00

NoRegreT

  • Race: Zerg Zerg
  • Spawn Location: 1:00

Event: IEM Season 12 - Katowice

VOD

Have the link to the VOD?

Description

Time

  • Played on: Feb. 27, 2018, 4:34 a.m.
  • Length: 13:11

All games in this series

Show
View Real Time Build Order
Export as new Build Order

Namshar Zerg - Winner!

Build Orders: Hatch First, Zergling Baneling 

Get SALT Encoding   

  12  0:00  Drone  
  13  0:12  Overlord  
  13  0:17  Drone  
  14  0:30  Drone x2  
  14  0:34  Drone  
  17  0:51  Hatchery  
  17  0:53  Drone  
  17  1:07  Spawning Pool  
  17  1:09  Extractor  
  15  1:11  Drone  
  15  1:15  Drone  
  17  1:20  Drone  
  18  1:28  Drone  
  19  1:38  Overlord  
  19  1:54  Queen, Zergling x2  
  19  2:00  Zergling x2  
  23  2:02  Queen  
  23  2:03  Zergling x2  
  26  2:08  Spine Crawler  
  26  2:10  Metabolic Boost  
  25  2:18  Drone  
  25  2:21  Drone x2  
  29  2:25  Drone  
  30  2:32  Drone  
  30  2:37  Baneling Nest  
  30  2:39  Drone  
  31  2:50  Hatchery  
  28  2:59  Zergling x4  
  28  3:00  Overlord  
  30  3:08  Drone x5  
  35  3:18  Hatchery  
  34  3:22  Zergling x2  
  34  3:24  Drone x2  
  37  3:30  Zergling x2  
  38  3:35  Zergling x4  
  38  3:36  Zergling x2  
  38  3:40  Baneling x2  
  41  3:42  Zergling x6  
  41  3:48  Baneling  
  44  3:49  Baneling x2  
  44  3:53  Zergling x2  
  43  4:00  Baneling x2  
  40  4:16  Baneling  
  40  4:20  Queen  
  42  4:27  Drone x2  
  43  4:41  Zergling x2  
  43  4:42  Zergling x6  
  43  4:52  Zergling x4  
  31  5:05  Baneling  
  31  5:06  Baneling  
  31  5:12  Drone x3  
  34  5:16  Drone  
  34  5:20  Queen  
  37  5:26  Drone x2  
  39  5:31  Hatchery  
  37  5:40  Drone  
  37  5:41  Drone x2  
  38  5:47  Zergling x4  
  38  5:48  Drone  
  38  5:49  Drone x2  
  42  5:54  Evolution Chamber, Drone x2  
  42  5:56  Roach Warren  
  42  6:01  Lair  
  42  6:04  Drone x2, Extractor  
  43  6:15  Overlord x3  
  43  6:28  Overlord  
  43  6:29  Zerg Missile Weapons Level 1  
  43  6:31  Drone  
  44  6:34  Drone x3  
  47  6:40  Drone x2  
  47  6:42  Spine Crawler  
  47  6:44  Drone  
  47  6:45  Drone  
  50  6:49  Extractor  
  50  6:51  Drone  
  50  6:53  Drone x2  
  51  7:03  Drone x3  
  51  7:05  Overseer  
  51  7:07  Roach  
  51  7:08  Roach x4  
  64  7:12  Drone  
  65  7:17  Roach  
  65  7:18  Roach x2  
  71  7:27  Overlord x2  
  71  7:28  Roach  
  73  7:33  Roach x2  
  77  7:39  Roach  
  77  7:42  Overlord  
  81  7:52  Roach x4  
  86  7:59  Roach  
  86  8:00  Roach x4  
  95  8:10  Glial Reconstitution  
  95  8:20  Overlord x2  
  95  8:25  Hatchery  
  94  8:27  Roach  
  94  8:31  Zerg Missile Weapons Level 2  
  94  8:33  Extractor  
  95  8:43  Overlord  
  95  8:46  Drone x2  
  95  8:47  Drone, Roach  
  95  8:48  Roach x2  
  104  8:52  Drone x2  
  106  8:56  Drone x2  
  106  8:57  Drone x2  
  110  9:07  Drone  
  110  9:09  Drone  
  112  9:12  Overlord  
  112  9:26  Roach x2  
  115  9:37  Overlord  
  115  9:41  Roach x5  
  125  9:48  Drone  
  125  9:50  Evolution Chamber  
  125  9:55  Roach x2  
  125  9:56  Overlord x2  
  127  10:08  Overlord  
  127  10:09  Roach x3  
  127  10:10  Roach x2  
  137  10:19  Roach  
  137  10:20  Roach x7  
  154  10:21  Ravager  
  154  10:24  Overlord x2  
  154  10:30  Zerg Ground Armor Level 1  
  154  10:31  Ravager  
  154  10:33  Ravager x2  
  154  10:35  Ravager  
  158  10:36  Overlord x2  
  158  10:38  Ravager  
  158  10:39  Extractor  
  158  10:41  Roach x2  
  162  10:46  Roach x3  
  168  10:52  Roach  
  168  10:53  Roach x2  
  174  10:59  Overlord  
  174  11:00  Roach  
  174  11:01  Roach x2  
  178  11:16  Roach x7  
  168  11:31  Roach x2  
  168  11:32  Roach x4  
  156  11:41  Roach x2  
  160  11:49  Ravager  
  160  11:50  Roach, Ravager  
  160  11:51  Roach x3  
  170  11:56  Hatchery  
  169  12:02  Roach  
  169  12:03  Roach x4  
  179  12:13  Extractor  
  178  12:15  Drone  
  178  12:16  Drone x2  
  178  12:21  Roach x2  
  185  12:27  Queen x2, Hydralisk Den  
  188  12:35  Drone x2  
Show
View Real Time Build Order
Export as new Build Order

NoRegreT Zerg 

Build Orders: Hatch First, Zergling Baneling 

Get SALT Encoding   

  12  0:00  Drone  
  13  0:12  Overlord  
  13  0:17  Drone  
  14  0:31  Drone x2  
  14  0:35  Drone  
  17  0:52  Hatchery  
  17  0:56  Drone  
  17  0:58  Extractor  
  16  1:12  Spawning Pool  
  16  1:13  Drone  
  16  1:16  Drone  
  17  1:22  Drone  
  18  1:28  Drone  
  19  1:40  Overlord  
  19  1:49  Drone  
  20  1:59  Queen  
  22  2:02  Zergling x2  
  22  2:03  Queen  
  22  2:06  Metabolic Boost  
  25  2:11  Zergling x2  
  26  2:16  Drone x2  
  28  2:27  Zergling x2  
  29  2:32  Overlord  
  29  2:34  Zergling x2  
  30  2:46  Roach Warren  
  29  2:57  Zergling x8  
  33  2:59  Zergling x2  
  33  3:00  Evolution Chamber  
  32  3:06  Zergling x2  
  32  3:08  Zergling x6  
  32  3:09  Zergling x2  
  37  3:14  Baneling Nest  
  37  3:17  Zergling x2  
  37  3:19  Zergling x2  
  38  3:23  Zergling x2  
  38  3:26  Zergling x2  
  40  3:29  Zergling x2  
  40  3:32  Zergling x2  
  42  3:41  Zergling x4  
  44  3:53  Zergling x2  
  44  3:54  Zergling x2  
  43  3:59  Zergling x2  
  43  4:00  Zergling x4  
  43  4:01  Zergling x2  
  43  4:03  Zergling x2  
  42  4:11  Baneling  
  42  4:12  Baneling  
  42  4:13  Baneling, Zergling x2  
  42  4:14  Baneling x3  
  40  4:31  Baneling  
  40  4:32  Baneling  
  38  4:43  Drone  
  38  4:44  Drone x3  
  36  4:51  Drone x3  
  35  4:55  Drone  
  35  4:57  Drone  
  35  4:58  Drone x2  
  35  5:01  Drone  
  36  5:11  Evolution Chamber  
  36  5:14  Zerg Missile Weapons Level 1  
  35  5:17  Drone  
  35  5:18  Drone, Extractor  
  36  5:23  Baneling  
  36  5:30  Overlord  
  35  5:40  Drone  
  36  5:43  Overlord  
  36  5:48  Queen  
  38  5:50  Roach x2  
  38  5:51  Drone x2  
  38  5:57  Overlord  
  44  6:05  Lair  
  44  6:06  Drone  
  44  6:07  Drone x3  
  44  6:08  Drone  
  44  6:10  Roach  
  51  6:15  Roach  
  51  6:17  Roach  
  55  6:21  Roach  
  57  6:27  Roach  
  57  6:30  Hatchery  
  58  6:34  Roach  
  58  6:38  Overlord  
  60  6:40  Overlord  
  60  6:44  Overlord  
  60  6:58  Roach x4  
  60  6:59  Roach  
  72  7:01  Roach  
  72  7:12  Zergling x6  
  72  7:13  Zergling x4  
  77  7:15  Glial Reconstitution  
  77  7:18  Zergling x2  
  77  7:20  Zergling x2  
  79  7:30  Zergling x4  
  79  7:34  Queen  
  79  7:36  Extractor  
  82  7:39  Zergling x2  
  82  7:41  Zergling x2  
  82  7:42  Zergling x2  
  85  7:45  Baneling  
  85  7:46  Baneling  
  85  7:47  Baneling x2  
  85  7:52  Zergling x4  
  85  7:54  Zergling x2  
  85  7:59  Zergling x2  
  85  8:00  Zergling x4  
  85  8:02  Zergling x4  
  85  8:04  Overlord  
  90  8:11  Baneling  
  90  8:12  Overlord  
  89  8:18  Drone  
  90  8:22  Queen  
  90  8:24  Drone x2  
  90  8:25  Drone x2  
  95  8:29  Drone x3  
  95  8:33  Roach  
  95  8:34  Roach x2  
  104  8:36  Roach  
  104  8:38  Zerg Missile Weapons Level 2, Baneling x2  
  106  8:59  Overlord  
  106  9:02  Overlord  
  106  9:13  Overlord  
  106  9:14  Zerg Ground Armor Level 1  
  106  9:16  Overlord  
  106  9:18  Roach x3  
  106  9:20  Roach x3  
  106  9:22  Roach  
  120  9:26  Roach  
  120  9:28  Roach  
  120  9:30  Roach  
  116  9:37  Drone x4  
  119  9:41  Roach x3  
  119  9:43  Roach  
  119  9:45  Overlord  
  127  9:47  Roach, Extractor  
  127  9:48  Roach  
  127  9:52  Roach  
  132  9:54  Overlord  
  131  10:00  Roach x2  
  131  10:01  Roach  
  131  10:04  Roach  
  139  10:13  Overlord  
  139  10:14  Zergling x10  
  143  10:17  Roach  
  143  10:18  Overlord  
  143  10:19  Overlord  
  146  10:26  Overlord  
  146  10:29  Overlord, Extractor  
  146  10:30  Zergling x4, Spire  
  146  10:31  Zergling x4  
  146  10:32  Zergling x8  
  152  10:37  Drone, Extractor  
  152  10:41  Roach  
  154  10:43  Roach  
  154  10:46  Roach x4  
  164  10:52  Roach x3  
  164  10:55  Roach  
  172  10:59  Roach x2  
  172  11:03  Roach  
  178  11:04  Roach  
  178  11:08  Roach  
  180  11:14  Roach x2  
  181  11:23  Roach x4  
  181  11:24  Roach x2  
  168  11:26  Roach  
  168  11:29  Roach  
  168  11:31  Roach  
  168  11:32  Roach  
  122  11:44  Mutalisk  
  122  11:48  Mutalisk  
  122  11:54  Zergling x2  
  125  11:55  Drone x2  
  125  11:56  Drone  
  128  12:02  Mutalisk  
  128  12:03  Mutalisk  
  128  12:07  Hatchery, Mutalisk  
  133  12:14  Mutalisk  
  135  12:23  Mutalisk  
  135  12:25  Roach x2  
  142  12:33  Roach  
  142  12:36  Mutalisk  
  122  12:40  Mutalisk  
  122  12:43  Mutalisk  
  87  12:46  Zergling x2  
  87  12:49  Roach  
  87  12:50  Roach  

Tags
 
Add a new tag
Caveats
  • Supply blocks, unpowered buildings, or Contaminate may cause inaccurate times.
  • Supply counts are checked every 10 seconds.